 Dungeon Crawl Stone Soup version 0.20.1-1-g8b1a95d (webtiles) character file.

119628 wojtek the Executioner (level 16, 0/152 HPs)
             Began as a Minotaur Fighter on Dec 24, 2017.
             Was the Champion of Makhleb.
             Slain by a redback (4 damage)
             ... on level 1 of the Spider Nest.
             The game lasted 01:06:17 (31764 turns).

wojtek the Executioner (Minotaur Fighter)          Turns: 31764, Time: 01:06:17

Health: 0/152      AC: 10    Str: 34    XL:     16   Next: 28%
Magic:  0/22       EV:  9    Int: 10    God:    Makhleb [******]
Gold:   363        SH:  0    Dex: 10    Spells: 14/15 levels left

rFire    + + .     SeeInvis .   a - +1 executioner's axe (elec)
rCold    + . .     Gourm    .   (shield currently unavailable)
rNeg     . . .     Faith    .   Q - +0 plate armour
rPois    +         Spirit   +   (helmet restricted)
rElec    +         Reflect  .   A - scarf {rC+ rF+}
rCorr    .         Harm     .   Y - +0 pair of gloves of Catatonia {rElec Str+6 Int+3} (curse)
MR       +....                  J - +2 pair of boots "Gaibaosi" {Int+2 Stlth+}
Stlth    ..........             B - amulet of guardian spirit
Regen    0.4/turn               T - ring of protection from fire
MPRegen  0.2/turn               r - ring of poison resistance

@: about to teleport, corroded
A: retaliatory headbutt, horns 2
a: Minor Destruction, Lesser Servant of Makhleb, Major Destruction, Greater
Servant of Makhleb, Renounce Religion


You were on level 1 of the Spider Nest.
You worshipped Makhleb.
Makhleb was exalted by your worship.
You were not hungry.

You visited 5 branches of the dungeon, and saw 25 of its levels.
You also visited: Sewer and Bailey.

You collected 2632 gold pieces.
You spent 2269 gold pieces at shops.

Inventory:

Hand Weapons
 a - a +1 executioner's axe of electrocution (weapon)
Missiles
 U - 4 throwing nets (quivered)
Armour
 A - a scarf of resistance (worn)
 J - the +2 pair of boots "Gaibaosi" (worn) {Int+2 Stlth+}
   (You bought it in a shop on level 10 of the Dungeon)

   It affects your intelligence (+2).
   It makes you more stealthy.
 Q - a +0 plate armour (worn)
 Y - the cursed +0 pair of gloves of Catatonia (worn) {rElec Str+6 Int+3}
   (You bought it in a shop on level 2 of the Orcish Mines)

   It affects your strength (+6).
   It affects your intelligence (+3).
   It insulates you from electricity.
   It has a curse placed upon it.
Jewellery
 b - an uncursed amulet of magic regeneration {unknown}
 r - a ring of poison resistance (right hand)
 B - an amulet of guardian spirit (around neck)
 I - an uncursed ring of flight
 T - a ring of protection from fire (left hand)
 V - an uncursed ring of protection from fire
Wands
 f - a wand of flame (7/48)
 k - a wand of confusion (23/48)
 D - a wand of acid (6/15)
 K - a wand of flame (17/48)
 N - a wand of iceblast (11/15)
Scrolls
 g - 6 scrolls of teleportation
 h - 3 scrolls of immolation {unknown}
 s - 3 scrolls of magic mapping
 v - 13 scrolls of remove curse
 y - 4 scrolls of amnesia
 C - 3 scrolls of enchant armour {unknown}
 E - 3 scrolls of fear
 F - 3 scrolls of fog
Potions
 d - 5 potions of might
 i - 4 potions of cancellation
 p - 8 potions of lignification {unknown}
 u - 5 potions of berserk rage {unknown}
 w - 5 potions of haste
 z - a potion of brilliance
 G - a potion of curing
 H - 2 potions of heal wounds
 S - 4 potions of invisibility
 Z - 2 potions of agility
Miscellaneous
 X - a lightning rod (4/4)
Comestibles
 c - a chunk of flesh
 q - 16 meat rations


   Skills:
 + Level 16.6 Fighting
 * Level 21.6 Axes
 + Level 16.4 Armour
   Level 3.6 Shields
 - Level 9.5 Invocations


You had 14 spell levels left.
You knew the following spells:

 Your Spells              Type           Power        Failure   Level  Hunger
a - Summon Butterflies    Summ           #.......     85%         1    ##.....


Dungeon Overview and Level Annotations

Branches:
Dungeon (15/15)            Temple (1/1) D:6            Lair (6/6) D:11
  Swamp (0/4) Lair:4       Spider (1/4) Lair:4        Slime (0/5) Lair:6
    Orc (2/2) D:11            Elf (0/3) Orc:2        Vaults (0/5) D:13
 Depths (0/5) D:15

Altars:
Ashenzari
Cheibriados
Dithmenos
Elyvilon
Fedhas
Gozag
Hepliaklqana
Kikubaaqudgha
Makhleb
Nemelex Xobeh
Okawaru
Qazlal
Ru
Sif Muna
Trog
Uskayaw
Vehumet
Xom
Yredelemnul
Zin
The Shining One
Beogh
Jiyva

Shops:
D:10 [=%[(   Orc:2 :[([

Annotations:
D:7 1 runed door
D:8 Prince Ribbit
D:10 hydra
D:11 exclusion: upstairs


Innate Abilities, Weirdness & Mutations

You reflexively headbutt those who attack you in melee.
You have a pair of horns on your head.


Message History

You're too confused!
You feel sick.
The scorpion stings you but does no damage.
You feel sick. The redback bites you.
* * * LOW HITPOINT WARNING * * *
You feel better. The redback bites you!
* * * LOW HITPOINT WARNING * * *
The redback bites you but does no damage.
The scorpion stings you.
* * * LOW HITPOINT WARNING * * *
The redback bites you.
* * * LOW HITPOINT WARNING * * *
The redback closely misses you. The redback barely misses you.
You furiously retaliate!
You headbutt the redback, but do no damage.
As you read the scroll of teleportation, it crumbles to dust.
You feel strangely unstable. The redback bites you!
* * * LOW HITPOINT WARNING * * *
The redback bites you.
You die...

#.......#.........#.....###..
#......#.........#...#......
#.....#.......#.#......††..
#........s................. .
#........ss...............
#...###^......s...............
.......†....sss.......^.......
........#..ssss...............
..#....##.sss@s..........##.##
......##....s.......(........#
...####...##......^...........
.. #...##.......#........... %
#...###.........†..#......
....###.....).......#....(.
#...# #..............#.....#
.... #............†#####..# .#
##.....................


You could see 2 jumping spiders, 3 tarantellas, 8 redbacks and 3 scorpions.

Vanquished Creatures
  2 orc warlords (Orc:2)
  An emperor scorpion (Spider:1)
  An entropy weaver (Spider:1)
  A dire elephant (Lair:6)
  Nessos (Orc:2)
  A spark wasp (Spider:1)
  The ghost of wojtek the Severer, a journeyman MiFi of Okawaru (Lair:1)
  An ogre mage (Orc:2)
  A fire dragon (D:15)
  An ice dragon (D:15)
  4 hydras
  Harold (D:11)
  A catoblepas (Lair:6)
  Erolcha (D:10)
  4 two-headed ogres
  A death knight (D:14)
  3 centaur warriors
  13 death yaks
  A deep troll shaman (Lair:6)
  A deep elf knight (D:14)
  2 orc high priests (Orc:2)
  Nergalle (Lair:4)
  Sonja (D:12)
  A fire crab (Lair:5)
  An unseen horror (D:14)
  5 skeletal warriors (D:15)
  3 wizards
  A flayed ghost (D:8)
  Pikel (D:8)
  A harpy (D:14)
  4 lindwurms (Lair:3)
  2 orc knights (Bailey)
  7 wolf spiders
  2 orb spiders (Spider:1)
  An oklob plant (Lair:6)
  2 orc sorcerers (Orc:1)
  19 ugly things
  3 deep elf magi
  A manticore (D:14)
  5 cyclopes
  Maurice (D:10)
  11 elephants
  A black mamba (shapeshifter) (D:14)
  6 centaur skeletons
  Psyche (D:9)
  Joseph (D:10)
  5 black mambas
  A gargoyle (D:13)
  9 spiny frogs
  3 rime drakes
  12 komodo dragons
  7 demonic crawlers (Spider:1)
  2 kobold demonologists (D:13)
  6 jumping spiders (Spider:1)
  A tengu conjurer (D:14)
  7 trolls
  3 meliai (D:12)
  A queen bee (D:12)
  A hornet (Spider:1)
  2 polar bears (Lair:6)
  4 slime creatures (D:12)
  13 hippogriffs
  A centaur simulacrum (D:15)
  7 blink frogs
  22 redbacks (Spider:1)
  3 shadows
  10 tarantellas (Spider:1)
  Sigmund (D:4)
  A vampire (D:13)
  2 wyverns (D:11)
  4 wraiths
  41 yaks
  8 fire bats (D:8)
  Grum (D:9)
  A steam dragon (D:12)
  A hog (shapeshifter) (D:14)
  Menkaure (D:4)
  6 basilisks
  2 wargs
  5 swamp worms (Lair:4)
  A soldier ant (D:10)
  9 water moccasins
  9 porcupines
  Purgy (Sewer)
  A slave (D:8)
  45 orc warriors
  4 sky beasts
  5 ice beasts
  A necrophage (D:13)
  2 phantoms
  5 boggarts (D:15)
  An eye of draining (D:8)
  9 centaurs
  8 ogres
  An ogre (shapeshifter) (D:14)
  28 wolves
  11 crocodiles
  3 big kobolds
  27 bullfrogs
  2 wyvern zombies
  2 wyvern skeletons
  4 scorpions
  26 killer bees
  2 howler monkeys (D:11)
  11 wights
  2 electric eels
  6 crimson imps
  6 bullfrog zombies
  7 hounds
  20 orc priests
  7 jellies
  34 orc wizards
  A quasit (D:11)
  Natasha (thrice) (D:4)
  A bullfrog skeleton (D:10)
  10 iguanas
  11 worker ants
  2 hound zombies
  A hound skeleton (D:11)
  4 gnolls (D:13)
  A worker ant zombie (D:7)
  21 adders
  5 shadow imps
  An ooze (D:6)
  An ooze (shapeshifter) (D:13)
  An adder skeleton (D:8)
  3 worms
  3 dart slugs
  9 leopard geckos
  98 orcs
  A ball python (D:1)
  8 giant cockroaches
  10 goblins
  6 hobgoblins
  4 jackals
  2 quokkas
  60 bats
  8 frilled lizards
  19 kobolds
  A leopard gecko zombie (D:7)
  A quokka skeleton (D:8)
  5 rats
  4 fungi
  4 plants
928 creatures vanquished.

Vanquished Creatures (collateral kills)
  Rupert (Lair:6)
  2 hydras
  A spiny frog (Lair:6)
4 creatures vanquished.

Vanquished Creatures (others)
  An orc wizard (Orc:2)
  10 fungi
  12 plants
23 creatures vanquished.

Grand Total: 955 creatures vanquished

Notes
Turn   | Place    | Note
-------+----------+-------------------------------------------
     0 | D:1      | wojtek the Minotaur Fighter began the quest for the Orb.
     0 | D:1      | Reached XP level 1. HP: 19/19 MP: 0/0
   270 | D:1      | Reached XP level 2. HP: 27/27 MP: 1/1
   335 | D:1      | You fall through a shaft!
   335 | D:2      | Found a faded altar of an unknown god.
   339 | D:2      | Reached skill level 3 in Axes
   575 | D:2      | Reached XP level 3. HP: 33/33 MP: 2/2
  1237 | D:2      | Reached skill level 4 in Axes
  1237 | D:2      | Reached XP level 4. HP: 34/41 MP: 3/3
  1701 | D:3      | Found a sacrificial altar of Ru.
  1701 | D:3      | Found an ancient bone altar of Kikubaaqudgha.
  1703 | D:3      | Found a glowing golden altar of the Shining One.
  1711 | D:3      | Found a white marble altar of Elyvilon.
  1711 | D:3      | Found a hide-covered altar of Uskayaw.
  1712 | D:3      | Found a bloodstained altar of Trog.
  1958 | D:3      | Found an opulent altar of Gozag.
  1981 | D:3      | Found a shattered altar of Ashenzari.
  2379 | D:3      | Reached skill level 5 in Axes
  2379 | D:3      | Reached XP level 5. HP: 47/47 MP: 4/4
  2388 | D:4      | Noticed Natasha
  2394 | D:4      | Killed Natasha
  2447 | D:4      | Noticed Menkaure
  2455 | D:4      | Killed Menkaure
  2455 | D:4      | Reached skill level 5 in Fighting
  2455 | D:4      | Reached skill level 5 in Armour
  2455 | D:4      | Reached XP level 6. HP: 44/56 MP: 5/5
  2508 | D:4      | Reached skill level 6 in Axes
  2565 | D:4      | Found a glowing drain.
  2570 | D:4      | Noticed Natasha
  2585 | D:4      | Killed Natasha
  2599 | Sewer    | Entered a sewer
  2762 | Sewer    | Noticed Purgy
  2771 | Sewer    | Killed Purgy
  2771 | Sewer    | Reached XP level 7. HP: 53/62 MP: 6/6
  2999 | D:4      | Reached skill level 7 in Axes
  3022 | D:4      | Noticed Natasha
  3031 | D:4      | Killed Natasha
  3112 | D:4      | Noticed Sigmund
  3121 | D:4      | Killed Sigmund
  3623 | D:4      | Reached skill level 8 in Axes
  3936 | D:5      | Entered Level 5 of the Dungeon
  4096 | D:5      | Reached XP level 8. HP: 67/71 MP: 7/7
  4122 | D:5      | HP: 2/71 [poisoned by a wight]
  4733 | D:5      | Found a blossoming altar of Fedhas.
  5190 | D:6      | Reached skill level 9 in Axes
  5509 | D:6      | Found a staircase to the Ecumenical Temple.
  5779 | D:6      | Reached skill level 10 in Axes
  5872 | D:6      | Reached XP level 9. HP: 81/81 MP: 8/8
  5978 | D:6      | Found an iron altar of Okawaru.
  5980 | D:6      | Found a bloodstained altar of Trog.
  5980 | D:6      | Found a shimmering altar of Xom.
  5982 | D:6      | Found a shimmering altar of Xom.
  5982 | D:6      | Found a snail-covered altar of Cheibriados.
  5982 | D:6      | Found a shimmering altar of Xom.
  6204 | D:7      | Got a smoking mace
  6775 | D:7      | Found a runed door.
  6942 | D:7      | Reached skill level 11 in Axes
  7032 | D:7      | Found a hazy altar of Hepliaklqana.
  7437 | D:8      | Found a runed door.
  7457 | D:8      | Found a shimmering altar of Xom.
  7471 | D:8      | Found a blossoming altar of Fedhas.
  7479 | D:8      | Reached skill level 12 in Axes
  7495 | D:8      | Found an iron altar of Okawaru.
  7531 | D:8      | Found a shadowy altar of Dithmenos.
  7572 | D:8      | Found a blossoming altar of Fedhas.
  7582 | D:8      | Reached XP level 10. HP: 78/91 MP: 9/9
  7588 | D:8      | Found a bloodstained altar of Trog.
  8026 | D:8      | Noticed Prince Ribbit
  8085 | D:8      | Noticed Pikel
  8113 | D:8      | Killed Pikel
  8113 | D:8      | Reached skill level 10 in Fighting
  8113 | D:8      | Reached skill level 13 in Axes
  8113 | D:8      | Reached skill level 10 in Armour
  8375 | D:8      | Found a sparkling altar of Nemelex Xobeh.
  8589 | D:8      | Noticed a flayed ghost
  8603 | D:8      | Killed a flayed ghost
  9392 | D:9      | Reached skill level 14 in Axes
  9479 | D:9      | Reached XP level 11. HP: 101/101 MP: 10/10
  9750 | Temple   | Entered the Ecumenical Temple
  9874 | Temple   | Became a worshipper of Makhleb the Destroyer
 10236 | D:9      | Noticed Grum
 10253 | D:9      | Killed Grum
 10394 | D:9      | Reached skill level 1 in Invocations
 10417 | D:9      | Noticed Psyche
 10427 | D:9      | Killed Psyche
 10803 | D:10     | Entered Level 10 of the Dungeon
 10913 | D:10     | Noticed Joseph
 10926 | D:10     | Killed Joseph
 10944 | D:10     | Found Falanag's Antique Weapon Shoppe.
 10964 | D:10     | Noticed Erolcha
 10972 | D:10     | Killed Erolcha
 11130 | D:10     | Found Oplall's Armour Emporium.
 11145 | D:10     | Noticed Maurice
 11155 | D:10     | Killed Maurice
 11169 | D:10     | Found Argheo's Food Shop.
 11393 | D:10     | Found a shadowy altar of Dithmenos.
 11503 | D:10     | Found Duocs's Jewellery Shoppe.
 11536 | D:10     | Found Cafut's Antique Armour Shoppe.
 11539 | D:10     | Bought a pair of polished boots for 275 gold pieces
 11539 | D:10     | Identified the +2 pair of boots "Gaibaosi" {Int+2 Stlth+} (You bought it in a shop on level 10 of the Dungeon)
 11554 | D:10     | Identified the +9 mace "Ciaw" {holy, rElec rF+ Int+9 Stlth-} (You found it on level 7 of the Dungeon)
 11724 | D:11     | Reached * piety under Makhleb
 11842 | D:11     | Noticed a cyan ugly thing
 11875 | D:11     | Killed a cyan ugly thing
 12172 | D:11     | Found a staircase to the Lair.
 12192 | D:11     | Noticed Harold
 12213 | D:11     | Killed Harold
 12213 | D:11     | Reached skill level 15 in Axes
 12440 | D:11     | Found a staircase to the Orcish Mines.
 12585 | D:11     | Noticed an eight-headed hydra
 12751 | Lair:1   | Entered Level 1 of the Lair of Beasts
 13322 | Lair:1   | Noticed wojtek's ghost (journeyman MiFi)
 14120 | Lair:2   | Reached XP level 12. HP: 111/111 MP: 12/14
 14269 | Lair:2   | Reached skill level 5 in Invocations
 14458 | Lair:2   | Reached ** piety under Makhleb
 14547 | Lair:2   | Reached skill level 16 in Axes
 14738 | Lair:2   | You fall through a shaft!
 14738 | Lair:3   | Noticed a death yak
 14738 | Lair:3   | Noticed a death yak
 14738 | Lair:3   | Noticed a death yak
 14738 | Lair:3   | Noticed a death yak
 14768 | Lair:4   | Noticed Nergalle
 14779 | Lair:4   | Killed Nergalle
 15306 | Lair:2   | Killed a death yak
 15309 | Lair:3   | Noticed an eight-headed hydra
 15328 | Lair:3   | Killed an eight-headed hydra
 15614 | Lair:3   | Noticed a death yak
 15627 | Lair:3   | Noticed a death yak
 15631 | Lair:2   | Killed a death yak
 15647 | Lair:2   | Killed a death yak
 15728 | Lair:2   | Killed a death yak
 15734 | Lair:2   | Killed a death yak
 15846 | Lair:3   | Killed a death yak
 16528 | Lair:3   | Reached XP level 13. HP: 63/119 MP: 7/17
 16529 | Lair:3   | Reached skill level 17 in Axes
 16838 | Lair:3   | Identified Jeblekivod's Almanac of Clay and the Traveller
 17150 | Lair:4   | Found a hole to the Spider Nest.
 17449 | Lair:4   | Found a staircase to the Swamp.
 17474 | Lair:4   | Reached *** piety under Makhleb
 18294 | Lair:5   | Found a sacrificial altar of Ru.
 18912 | Lair:6   | Entered Level 6 of the Lair of Beasts
 19252 | Lair:6   | Noticed Rupert
 19306 | Lair:6   | Killed Rupert
 19346 | Lair:6   | Found a viscous altar of Jiyva.
 19348 | Lair:6   | Found a staircase to the Slime Pits.
 19358 | Lair:6   | Reached skill level 18 in Axes
 19987 | Lair:1   | Killed wojtek's ghost
 20277 | Lair:1   | Got a jewelled hand axe
 20278 | Lair:1   | Identified the +5 hand axe "Widowermaker" {protect, rF+ Int+6} (You found it on level 1 of the Lair of Beasts)
 20752 | D:12     | Reached XP level 14. HP: 130/130 MP: 19/19
 20856 | D:12     | Reached **** piety under Makhleb
 21358 | D:12     | Noticed Sonja
 21377 | D:12     | Killed Sonja
 22170 | D:13     | Found a flagged portal.
 22191 | Bailey   | Entered a bailey
 22652 | Bailey   | Reached ***** piety under Makhleb
 23226 | D:13     | Identified the Grimoire of Supportive Contamination
 23630 | D:13     | Reached skill level 19 in Axes
 23631 | D:13     | Paralysed by a wizard for 4 turns
 23663 | D:13     | Found a gate to the Vaults.
 23813 | D:14     | Got a warped ring mail
 24206 | D:14     | Learned a level 1 spell: Summon Butterflies
 25160 | Lair:2   | Identified the +6 ring mail "Pips" {rCorr} (You found it on level 14 of the Dungeon)
 25897 | Lair:6   | Reached skill level 15 in Armour
 25897 | Lair:6   | Reached XP level 15. HP: 136/139 MP: 18/21
 25958 | Lair:6   | Reached skill level 15 in Fighting
 26291 | Lair:6   | Reached ****** piety under Makhleb
 26660 | Lair:4   | Reached skill level 20 in Axes
 27524 | D:14     | Got a faintly humming leather armour
 27528 | D:14     | Got a faintly glowing jade ring
 27611 | D:15     | Entered Level 15 of the Dungeon
 27682 | D:15     | Found a glowing golden altar of the Shining One.
 27970 | D:15     | Found a staircase to the Depths.
 28023 | D:15     | Identified the Catalogue of the Lethal Compass
 29015 | Orc:1    | Entered Level 1 of the Orcish Mines
 29180 | Orc:2    | Entered Level 2 of the Orcish Mines
 29194 | Orc:1    | Noticed an orc warlord
 29475 | Orc:2    | Killed an orc warlord
 30201 | Orc:2    | Found a roughly hewn altar of Beogh.
 30285 | Orc:2    | Noticed an orc warlord
 30287 | Orc:2    | Found Asausami's Antique Armour Shoppe.
 30288 | Orc:2    | Found a roughly hewn altar of Beogh.
 30292 | Orc:2    | Killed an orc warlord
 30292 | Orc:2    | Reached skill level 21 in Axes
 30351 | Orc:2    | Found Nuadal's Antique Weapon Emporium.
 30367 | Orc:2    | Bought a pair of slimy gloves for 304 gold pieces
 30367 | Orc:2    | Identified the cursed +0 pair of gloves of Catatonia {rElec Str+6 Int+3} (You bought it in a shop on level 2 of the Orcish Mines)
 30463 | Orc:2    | Found a roughly hewn altar of Beogh.
 30526 | Orc:2    | Found a radiant altar of Vehumet.
 30558 | Orc:2    | Found a staircase to the Elven Halls.
 30604 | Orc:2    | Found a roughly hewn altar of Beogh.
 30605 | Orc:2    | Found Koenij's Antique Armour Emporium.
 30732 | Orc:2    | Noticed Nessos
 30743 | Orc:2    | Killed Nessos
 30764 | Orc:2    | Found a roughly hewn altar of Beogh.
 30764 | Orc:2    | Found Mimanumn's Book Boutique.
 30985 | Orc:2    | Bought faintly humming fire dragon scales for 1690 gold pieces
 30985 | Orc:2    | Identified the cursed +0 fire dragon scales of Cuoh {rF++ rC- rN++ Dex-5 SInv} (You bought it in a shop on level 2 of the Orcish Mines)
 31209 | Lair:2   | Identified the ring of Happiness {+Fly MR- Str+7} (You found it on level 14 of the Dungeon)
 31276 | Spider:1 | Entered Level 1 of the Spider Nest
 31324 | Spider:1 | Reached XP level 16. HP: 151/151 MP: 19/22
 31764 | Spider:1 | HP: 4/152 [redback (7)]
 31764 | Spider:1 | Slain by a redback

Skill      XL: |  1  2  3  4  5  6  7  8  9 10 11 12 13 14 15 |
---------------+----------------------------------------------+-----
Axes           | 3 4 5 6 8 10 12 14 15 16 18 19 21 | 21.6
Armour         | 4 5 6 8 9 10 11 12 13 15 16 | 16.4
Fighting       | 4 5 6 7 9 10 11 12 13 14 16 | 16.6
Invocations    | 4 6 8 9 |  9.5
Shields        | |  3.6

Action                   |  1- 3 |  4- 6 |  7- 9 | 10-12 | 13-15 | 16-18 || total
-------------------------+-------+-------+-------+-------+-------+-------++-------
Melee: War axe           |    87 |   127 |   329 |   832 |  1035 |       ||  2410
       Headbutt          |     8 |    21 |    51 |   180 |   335 |    26 ||   621
       Hand axe          |       |       |       |       |   101 |       ||   101
       Executioner's axe |       |       |       |       |   407 |    95 ||   502
Invok: Lesser Servant of |       |       |       |       |     5 |       ||     5
       Greater Servant o |       |       |       |       |     1 |       ||     1
Evoke: Wand              |       |       |       |    18 |     4 |       ||    22
       Lightning rod     |       |       |       |       |     4 |       ||     4
  Use: Potion            |       |       |     1 |     1 |     4 |     1 ||     7
       Scroll            |       |       |       |    14 |    16 |     1 ||    31
 Stab: Distracted        |       |       |       |       |     2 |       ||     2
       Paralysed         |       |       |       |       |     1 |       ||     1
       Petrified         |       |       |       |       |     3 |       ||     3
       Petrifying        |       |       |       |       |     1 |       ||     1
  Eat: Chunk             |     1 |     5 |    15 |    20 |    33 |     2 ||    76
       Fruit             |       |       |     1 |       |       |       ||     1
       Meat ration       |       |       |       |     2 |     2 |       ||     4
       Bread ration      |       |       |       |       |     1 |       ||     1
Armor: Scale mail        |    35 |    64 |   148 |   177 |       |       ||   424
       Plate armour      |       |       |       |   310 |  1028 |   130 ||  1468
Dodge: Dodged            |    23 |    45 |    87 |   184 |   370 |    81 ||   790
Block: Shield            |    45 |    68 |   146 |   367 |   523 |       ||  1149
